Devils vs Bears
(R1)
Created - November 18, 2022 at 15:00
Goals
|
| Devils |
2 |
0 |
0 |
1 |
3 |
| Bears |
0 |
2 |
0 |
0 |
2 |
|
Shots
|
| Devils |
10 |
5 |
7 |
3 |
25 |
| Bears |
8 |
13 |
5 |
0 |
26 |
|
1st period
1. Devils , Brett Seney 3 (Jonny Brodzinski 7, Darren Dietz 3) at 9:58
2. Devils , Mason Marchment 1 (Christian Wolanin 1) at 14:02
Penalties :
Angelo Esposito (Her) for Tripping (Minor) at 2:07, Joonas Donskoi (Bin) for Holding (Minor) at 10:42, Zach Stepan (Her) for High sticking (Minor) at 11:32, Joonas Donskoi (Bin) for Goalie Interference (Minor) at 19:26
2nd period
3. Bears , Zach Stepan 4 (Kerby Rychel 9, Max Friberg 7) at 2:39
4. Bears , Brett Bulmer 3 (Dylan Gambrell 6) at 6:14
Penalties :
Ondrej Kase (Bin) for Hooking (Minor) at 6:33, Michael Prapavessis (Her) for Hooking (Minor) at 15:14
3rd period
No Goal
Penalties :
Mikko Vainonen (Her) for Holding (Minor) at 2:25, Max Friberg (Her) for Hooking (Minor) at 5:54
Overtime #1
5. Devils , Brett Seney 4 (Reid Boucher 4) at 2:31
Penalties :
No Penalty
Goalie Stats
Calvin Pickard (Bin), 24 saves from 26 shots - (0.923), W, 5-2-0, 62:31 minutes
Jake Allen (Her), 22 saves from 25 shots - (0.880), OTL, 3-1-1, 62:31 minutes
Players Stats for Devils
Player Name G A P +/- PIM S H SB GA TA FO MP PP MP PK MP
------------------------------------------------------------------------------------
Alan Quine 0 0 0 0 0 2 3 0 0 0 11/27 23:03 4:09 3:21
Brett Howden 0 0 0 1 0 0 0 0 1 1 0/1 7:52 0:00 0:00
Brett Seney 2 0 2 2 0 2 0 0 0 1 1/1 11:53 0:13 0:27
Christian Wolanin 0 1 1 2 0 0 2 0 0 0 0/0 8:57 1:18 0:00
Conor Garland 0 0 0 1 0 2 4 0 0 1 0/1 11:54 0:13 0:00
Dalton Thrower 0 0 0 0 0 1 1 1 0 1 0/0 19:06 3:07 1:25
Damon Severson 0 0 0 -1 0 1 2 0 2 1 0/0 14:37 1:43 3:23
Darren Dietz 0 1 1 -1 0 1 0 0 1 2 0/0 28:00 5:39 3:23
Eeli Tolvanen 0 0 0 1 0 0 0 0 0 0 0/0 7:52 0:00 0:00
Ilya Lyubushkin 0 0 0 0 0 1 2 0 0 0 0/0 19:06 3:07 1:25
Jake Bean 0 0 0 0 0 2 1 1 0 1 0/0 10:19 0:00 0:00
Jonny Brodzinski 0 1 1 1 0 1 0 0 1 0 2/5 11:17 0:13 0:27
Joonas Donskoi 0 0 0 -2 4 3 2 0 2 0 0/0 18:08 4:25 0:00
Mason Marchment 1 0 1 1 0 2 0 0 0 1 0/0 7:52 0:00 0:00
Miikka Salomaki 0 0 0 0 0 2 3 1 1 0 0/2 23:03 4:09 3:21
Ondrej Kase 0 0 0 0 2 1 0 0 0 1 0/1 17:10 4:08 0:00
Reid Boucher 0 1 1 -1 0 4 4 0 0 0 7/12 19:50 4:24 1:00
Robbie Russo 0 0 0 2 0 0 3 0 0 2 0/0 16:04 2:38 0:00
Valeri Nichushkin 0 0 0 -2 0 0 0 0 0 1 1/1 19:08 4:24 1:00
Wyatt Kalynuk 0 0 0 0 0 0 2 0 0 0 0/0 8:53 0:00 0:00
Players Stats for Bears
Player Name G A P +/- PIM S H SB GA TA FO MP PP MP PK MP
------------------------------------------------------------------------------------
A.J. Jenks 0 0 0 -1 0 4 1 1 2 1 0/2 19:31 2:28 4:22
Angelo Esposito 0 0 0 -1 2 0 3 0 1 0 2/6 11:07 0:17 0:48
Austin Wuthrich 0 0 0 -1 0 3 4 0 0 0 0/0 12:43 0:06 2:11
Brett Bulmer 1 0 1 0 0 2 1 0 1 0 0/0 11:33 0:00 0:00
Derek Forbort 0 0 0 -1 0 1 4 1 2 2 0/0 27:01 3:13 5:17
Dylan Gambrell 0 1 1 0 0 0 0 0 0 0 16/19 16:17 2:36 0:00
Gianluca Curcuruto 0 0 0 1 0 1 1 0 0 0 0/0 14:58 0:00 0:31
Jamie McGinn 0 0 0 0 0 3 0 0 2 1 0/0 11:19 0:06 1:34
Joey Laleggia 0 0 0 -1 0 2 6 2 1 3 0/0 26:09 3:13 4:58
Kerby Rychel 0 1 1 1 0 1 0 0 0 0 1/2 17:16 2:14 0:00
Logan O'Connor 0 0 0 0 0 0 0 0 0 0 0/0 0:00 0:00 0:00
Max Friberg 0 1 1 0 2 2 1 0 1 0 0/0 18:15 2:14 1:49
Michael Prapavessis 0 0 0 1 2 0 0 0 1 1 0/0 14:27 0:00 0:00
Mike Hoffman 0 0 0 0 0 0 1 0 0 0 0/1 10:42 0:00 0:00
Mikko Vainonen 0 0 0 -1 2 1 1 2 1 0 0/0 21:04 1:35 2:58
Nicolas Aube-Kubel 0 0 0 0 0 0 3 0 0 0 0/0 13:03 2:28 0:00
Sam Carrick 0 0 0 0 0 1 0 0 0 0 3/4 5:04 0:00 4:31
Tommy Vannelli 0 0 0 -1 0 2 1 0 0 0 0/0 21:55 1:35 3:48
Vincent Dunn 0 0 0 0 0 1 0 0 0 0 3/5 9:38 0:00 0:00
Zach Stepan 1 0 1 0 2 2 1 0 1 0 4/12 18:02 1:54 2:17
3 Stars
1 - Brett Seney (Bin)
2 - Mason Marchment (Bin)
3 - Christian Wolanin (Bin)
Power Play
Devils - 0 on 5 Attempt(s) - 0.00%
Bears - 0 on 3 Attempt(s) - 0.00%
Penalty Kill
Devils - 3 on 3 Attempt(s) - 100.00%
- Score 0 goal in Penalty Kill
Bears - 5 on 5 Attempt(s) - 100.00%
- Score 0 goal in Penalty Kill
Team Stat
Devils - Hits : 29 - Faceoff Wins : 22 - Blocked Shots : 3 - Penalty Minutes : 6
Bears - Hits : 28 - Faceoff Wins : 29 - Blocked Shots : 6 - Penalty Minutes : 10
Official
Referees : Conor O'Donnell and Eric Furlatt
Linesman : Steve Miller and Andrew Smith
Game Notes
Damon Severson is injured at 10:51 of 2nd period (Lacerated Left Calf)
Finance
Level 1 -- Attendance: 1726 (86.30%) -- Ticket Income $60,410
Level 2 -- Attendance: 1000 (100.00%) -- Ticket Income $15,000
Total Attendance: 2726 (90.87%)
Total Ticket Income: $75,410
Other Income: $3,770
Total Income: $79,180
Devils
5 vs 5 Forward
Center Left Wing Right Wing Time % Phy DF OF
1 Alan Quine Miikka Salomaki Ondrej Kase 40 0 2 3
2 Reid Boucher Valeri Nichushkin Joonas Donskoi 30 0 2 3
3 Jonny Brodzinski Brett Seney Conor Garland 20 0 2 3
4 Brett Howden Mason Marchment Eeli Tolvanen 10 0 2 3
5 vs 5 Defense
Defense Defense Time % Phy DF OF
1 Damon Severson Darren Dietz 40 0 3 2
2 Dalton Thrower Ilya Lyubushkin 30 0 3 2
3 Christian Wolanin Robbie Russo 20 0 3 2
4 Jake Bean Wyatt Kalynuk 10 0 3 2
PowerPlay Forward
Center Left Wing Right Wing Time % Phy DF OF
1 Alan Quine Miikka Salomaki Ondrej Kase 60 0 1 4
2 Reid Boucher Valeri Nichushkin Joonas Donskoi 40 0 1 4
PowerPlay Defense
Defense Defense Time % Phy DF OF
1 Damon Severson Darren Dietz 60 0 2 3
2 Dalton Thrower Ilya Lyubushkin 40 0 2 3
Penalty Kill 4 Players Forward
Center Wing Time % Phy DF OF
1 Alan Quine Miikka Salomaki 60 1 3 1
2 Reid Boucher Valeri Nichushkin 40 1 3 1
Penalty Kill 4 Players Defense
Defense Defense Time % Phy DF OF
1 Damon Severson Darren Dietz 60 1 4 0
2 Dalton Thrower Ilya Lyubushkin 40 1 4 0
Penalty Kill - 3 Players Forward
Forward Time % Phy DF OF
1 Alan Quine 60 1 3 1
2 Reid Boucher 40 1 3 1
Penalty Kill - 3 Players Defense
Defense Defense Time % Phy DF OF
1 Damon Severson Darren Dietz 60 1 4 0
2 Dalton Thrower Ilya Lyubushkin 40 1 4 0
4 vs 4 Forward
Center Wing Time % Phy DF OF
1 Alan Quine Miikka Salomaki 60 0 2 3
2 Reid Boucher Valeri Nichushkin 40 0 2 3
4 vs 4 Defense
Defense Defense Time % Phy DF OF
1 Damon Severson Darren Dietz 60 0 3 2
2 Dalton Thrower Ilya Lyubushkin 40 0 3 2
Last Minutes Offensive
Center Left Wing Right Wing Defense Defense
Alan Quine Miikka Salomaki Ondrej Kase Damon Severson Darren Dietz
Last Minutes Defensive
Center Left Wing Right Wing Defense Defense
Alan Quine Miikka Salomaki Ondrej Kase Damon Severson Darren Dietz
Goaltenders
Starting : Calvin Pickard
Backup : Juuse Saros
Extra Forwards
Normal : Alan Quine, Reid Boucher, Conor Garland - PP : Alan Quine, Reid Boucher - PK : Alan Quine
Extra Defensemen
Normal : Robbie Russo, Jake Bean, Wyatt Kalynuk - PP : Robbie Russo - PK : Robbie Russo, Jake Bean
Penalty Shots
Miikka Salomaki, Ondrej Kase, Valeri Nichushkin, Joonas Donskoi, Alan Quine
Scratches
Cristiano Digiacinto (Healthy), Vincent Desharnais (Healthy)
Bears
5 vs 5 Forward
Center Left Wing Right Wing Time % Phy DF OF
1 Zach Stepan Kerby Rychel Max Friberg 30 1 2 2
2 Angelo Esposito Mike Hoffman Nicolas Aube-Kubel 25 1 2 2
3 Dylan Gambrell A.J. Jenks Brett Bulmer 25 1 2 2
4 Vincent Dunn Jamie McGinn Austin Wuthrich 20 1 2 2
5 vs 5 Defense
Defense Defense Time % Phy DF OF
1 Joey Laleggia Derek Forbort 40 1 2 2
2 Tommy Vannelli Mikko Vainonen 30 1 2 2
3 Michael Prapavessis Gianluca Curcuruto 20 1 2 2
4 Joey Laleggia Derek Forbort 10 1 2 2
PowerPlay Forward
Center Left Wing Right Wing Time % Phy DF OF
1 Dylan Gambrell Kerby Rychel Max Friberg 60 1 2 2
2 Zach Stepan A.J. Jenks Nicolas Aube-Kubel 40 1 2 2
PowerPlay Defense
Defense Defense Time % Phy DF OF
1 Joey Laleggia Derek Forbort 60 1 2 2
2 Tommy Vannelli Mikko Vainonen 40 1 2 2
Penalty Kill 4 Players Forward
Center Wing Time % Phy DF OF
1 Sam Carrick A.J. Jenks 60 1 2 2
2 Zach Stepan Max Friberg 40 1 2 2
Penalty Kill 4 Players Defense
Defense Defense Time % Phy DF OF
1 Joey Laleggia Derek Forbort 60 1 2 2
2 Tommy Vannelli Mikko Vainonen 40 1 2 2
Penalty Kill - 3 Players Forward
Forward Time % Phy DF OF
1 Sam Carrick 60 1 2 2
2 Max Friberg 40 1 2 2
Penalty Kill - 3 Players Defense
Defense Defense Time % Phy DF OF
1 Joey Laleggia Tommy Vannelli 60 1 2 2
2 Derek Forbort Mikko Vainonen 40 1 2 2
4 vs 4 Forward
Center Wing Time % Phy DF OF
1 Dylan Gambrell Kerby Rychel 60 1 2 2
2 Nicolas Aube-Kubel Mike Hoffman 40 1 2 2
4 vs 4 Defense
Defense Defense Time % Phy DF OF
1 Joey Laleggia Derek Forbort 60 1 2 2
2 Tommy Vannelli Mikko Vainonen 40 1 2 2
Last Minutes Offensive
Center Left Wing Right Wing Defense Defense
Zach Stepan Kerby Rychel Nicolas Aube-Kubel Joey Laleggia Derek Forbort
Last Minutes Defensive
Center Left Wing Right Wing Defense Defense
Zach Stepan Kerby Rychel Nicolas Aube-Kubel Joey Laleggia Derek Forbort
Goaltenders
Starting : Jake Allen
Backup : Sami Aittokallio
Extra Forwards
Normal : Dylan Gambrell, Max Friberg, A.J. Jenks - PP : Dylan Gambrell, Max Friberg - PK : Austin Wuthrich
Extra Defensemen
Normal : Joey Laleggia, Tommy Vannelli, Derek Forbort - PP : Tommy Vannelli - PK : Derek Forbort, Joey Laleggia
Penalty Shots
Dylan Gambrell, Kerby Rychel, Nicolas Aube-Kubel, Mike Hoffman, A.J. Jenks
Scratches
Colby Cave (Healthy), Emil Johansson (Healthy), Jesper Pettersson (Healthy), David Farrance (Healthy), Mackenze Stewart (Healthy)
Zack Hayes (Healthy), Jacob Bryson (Healthy), Mario Ferraro (Healthy), Will Reilly (Healthy), Kristians Rubins (Healthy)
Nikolay Prokhorkin (Healthy), Ryan Graves (Healthy), Isaac Ratcliffe (Healthy), Cole Smith (Healthy), Warren Foegele (Healthy)
Nicholas Caamano (Healthy), Jakob Stenqvist (Healthy), Arvid Henrikson (Healthy), Kirill Maksimov (Healthy)
% Time on Ice - Devils
Lines # - Real PCT - Wanted PCT - Time Play
Normal Forward
1 - 32% - 40% - 14:20
2 - 28% - 30% - 12:45
3 - 23% - 20% - 10:20
4 - 17% - 10% - 7:52
Normal Defense
1 - 37% - 40% - 16:50
2 - 29% - 30% - 13:02
3 - 14% - 20% - 6:32
4 - 20% - 10% - 8:53
PP Forward
1 - 48% - 60% - 4:11
2 - 52% - 40% - 4:35
PP Defense
1 - 64% - 60% - 5:39
2 - 36% - 40% - 3:07
PK Forward
1 - 79% - 60% - 3:48
2 - 21% - 40% - 1:00
PK Defense
1 - 70% - 60% - 3:23
2 - 30% - 40% - 1:25
PK3 Forward
1 - 0% - 60%
2 - 0% - 40%
PK3 Defense
1 - 0% - 60%
2 - 0% - 40%
44 Forward
1 - 73% - 60% - 2:41
2 - 27% - 40% - 0:59
44 Defense
1 - 58% - 60% - 2:08
2 - 42% - 40% - 1:32
Last Minute Offensive - 0:00
Last Minute Defensive - 0:00
Total
Forward - 62:31
Defense - 62:31
|
% Time on Ice - Bears
Lines # - Real PCT - Wanted PCT - Time Play
Normal Forward
1 - 30% - 30% - 13:30
2 - 23% - 25% - 10:36
3 - 26% - 25% - 11:33
4 - 21% - 20% - 9:38
Normal Defense
1 - 33% - 40% - 15:10
2 - 34% - 30% - 15:17
3 - 32% - 20% - 14:27
4 - 1% - 10% - 0:23
PP Forward
1 - 49% - 60% - 2:20
2 - 51% - 40% - 2:28
PP Defense
1 - 67% - 60% - 3:13
2 - 33% - 40% - 1:35
PK Forward
1 - 71% - 60% - 6:12
2 - 29% - 40% - 2:34
PK Defense
1 - 57% - 60% - 4:58
2 - 43% - 40% - 3:48
PK3 Forward
1 - 0% - 60%
2 - 0% - 40%
PK3 Defense
1 - 0% - 60%
2 - 0% - 40%
44 Forward
1 - 72% - 60% - 2:39
2 - 28% - 40% - 1:01
44 Defense
1 - 66% - 60% - 2:25
2 - 34% - 40% - 1:15
Last Minute Offensive - 0:00
Last Minute Defensive - 0:00
Total
Forward - 62:31
Defense - 62:31
|
Play-by-Play
1st period
0:01 of 1st period - Alan Quine wins face-off versus Zach Stepan in neutral zone.
0:26 of 1st period - Joey Laleggia is hit by Reid Boucher and loses puck.
0:35 of 1st period - Snap shot by Reid Boucher.
0:35 of 1st period - Stopped by Jake Allen without a rebound.
0:36 of 1st period - Dylan Gambrell wins face-off versus Jonny Brodzinski in Bears zone.
0:47 of 1st period - Snap shot by Brett Bulmer.
0:47 of 1st period - Stopped by Calvin Pickard with a rebound.
0:49 of 1st period - Slapshot by Tommy Vannelli.
0:49 of 1st period - Stopped by Calvin Pickard with a rebound.
0:51 of 1st period - Slapshot by Mikko Vainonen.
0:51 of 1st period - Stopped by Calvin Pickard with a rebound.
1:05 of 1st period - Wrist shot by Austin Wuthrich.
1:05 of 1st period - Stopped by Calvin Pickard without a rebound.
1:06 of 1st period - Vincent Dunn wins face-off versus Brett Howden in Devils zone.
2:07 of 1st period - Minor Penalty to Angelo Esposito for Tripping.
2:08 of 1st period - Sam Carrick wins face-off versus Alan Quine in Bears zone.
3:09 of 1st period - Sam Carrick is hit by Miikka Salomaki and loses puck.
3:52 of 1st period - Darren Dietz is hit by Austin Wuthrich and loses puck.
4:07 of 1st period - Penalty to Angelo Esposito is over, Angelo Esposito is back on ice.
4:20 of 1st period - Slapshot by Joonas Donskoi.
4:20 of 1st period - Stopped by Jake Allen without a rebound.
4:21 of 1st period - Angelo Esposito wins face-off versus Alan Quine in Bears zone.
4:21 of 1st period - Angelo Esposito is hit by Jake Bean.
4:47 of 1st period - Nicolas Aube-Kubel is hit by Wyatt Kalynuk and loses puck.
4:58 of 1st period - Wrist shot by Jake Bean.
4:58 of 1st period - Stopped by Jake Allen with a rebound.
5:16 of 1st period - Snap shot by Brett Seney.
5:16 of 1st period - Shot Misses the Net.
5:18 of 1st period - Slapshot by Dalton Thrower.
5:18 of 1st period - Shot Misses the Net.
5:20 of 1st period - Wrist shot by Conor Garland.
5:20 of 1st period - Shot Misses the Net.
5:29 of 1st period - Icing by A.J. Jenks.
5:30 of 1st period - Dylan Gambrell wins face-off versus Alan Quine in Bears zone.
5:39 of 1st period - Snap shot by Miikka Salomaki.
5:39 of 1st period - Shot Blocked by Mikko Vainonen.
5:41 of 1st period - Wrist shot by Ondrej Kase.
5:41 of 1st period - Shot Misses the Net.
6:17 of 1st period - Wrist shot by Jamie McGinn.
6:17 of 1st period - Shot Misses the Net.
6:39 of 1st period - Gianluca Curcuruto is hit by Alan Quine and loses puck.
6:53 of 1st period - Icing by Michael Prapavessis.
6:54 of 1st period - Zach Stepan wins face-off versus Reid Boucher in Bears zone.
6:54 of 1st period - Zach Stepan is hit by Reid Boucher.
8:32 of 1st period - Kerby Rychel is hit by Robbie Russo and loses puck.
9:20 of 1st period - Icing by Mikko Vainonen.
9:21 of 1st period - Dylan Gambrell wins face-off versus Reid Boucher in Bears zone.
9:47 of 1st period - Tommy Vannelli is hit by Damon Severson and loses puck.
9:58 of 1st period - Snap shot by Jonny Brodzinski.
9:58 of 1st period - Deflect By Brett Seney.
9:58 of 1st period - Goal by Brett Seney - Devils : 1 - Bears : 0.
9:59 of 1st period - Alan Quine wins face-off versus Zach Stepan in neutral zone.
10:10 of 1st period - Snap shot by Max Friberg.
10:10 of 1st period - Shot Misses the Net.
10:12 of 1st period - Snap shot by Derek Forbort.
10:12 of 1st period - Shot Misses the Net.
10:14 of 1st period - Snap shot by Derek Forbort.
10:14 of 1st period - Shot Misses the Net.
10:35 of 1st period - Wrist shot by Joonas Donskoi.
10:35 of 1st period - Stopped by Jake Allen without a rebound.
10:36 of 1st period - Reid Boucher wins face-off versus Zach Stepan in Bears zone.
10:42 of 1st period - Minor Penalty to Joonas Donskoi for Holding.
10:43 of 1st period - Alan Quine wins face-off versus Kerby Rychel in Devils zone.
11:32 of 1st period - Minor Penalty to Zach Stepan for High sticking.
11:33 of 1st period - Dylan Gambrell wins face-off versus Alan Quine in Bears zone.
11:44 of 1st period - Icing by Miikka Salomaki.
11:45 of 1st period - Dylan Gambrell wins face-off versus Alan Quine in Devils zone.
12:42 of 1st period - Penalty to Joonas Donskoi is over, Joonas Donskoi is back on ice.
13:29 of 1st period - Austin Wuthrich is hit by Reid Boucher and loses puck.
13:32 of 1st period - Penalty to Zach Stepan is over, Zach Stepan is back on ice.
14:02 of 1st period - Wrist shot by Mason Marchment.
14:02 of 1st period - Goal by Mason Marchment - Devils : 2 - Bears : 0.
14:03 of 1st period - Alan Quine wins face-off versus Dylan Gambrell in neutral zone.
14:08 of 1st period - Snap shot by Alan Quine.
14:08 of 1st period - Stopped by Jake Allen with a rebound.
14:16 of 1st period - Wrist shot by A.J. Jenks.
14:16 of 1st period - Stopped by Calvin Pickard with a rebound.
14:18 of 1st period - Wrist shot by A.J. Jenks.
14:18 of 1st period - Shot Misses the Net.
14:55 of 1st period - Snap shot by Austin Wuthrich.
14:55 of 1st period - Shot Misses the Net.
14:57 of 1st period - Wrist shot by Vincent Dunn.
14:57 of 1st period - Stopped by Calvin Pickard with a rebound.
14:59 of 1st period - Snap shot by Jamie McGinn.
14:59 of 1st period - Stopped by Calvin Pickard without a rebound.
15:00 of 1st period - Zach Stepan wins face-off versus Alan Quine in Devils zone.
15:03 of 1st period - Wrist shot by Max Friberg.
15:03 of 1st period - Shot Blocked by Miikka Salomaki.
15:46 of 1st period - Snap shot by Brett Seney.
15:46 of 1st period - Deflect By Jonny Brodzinski.
15:46 of 1st period - Deflect By Austin Wuthrich.
15:46 of 1st period - Stopped by Jake Allen without a rebound.
15:47 of 1st period - Vincent Dunn wins face-off versus Jonny Brodzinski in Bears zone.
16:02 of 1st period - Snap shot by Austin Wuthrich.
16:02 of 1st period - Shot Misses the Net.
16:09 of 1st period - Icing by Conor Garland.
16:10 of 1st period - Alan Quine wins face-off versus Zach Stepan in Devils zone.
16:18 of 1st period - Icing by Tommy Vannelli.
16:19 of 1st period - Alan Quine wins face-off versus Zach Stepan in Bears zone.
16:20 of 1st period - Snap shot by Miikka Salomaki.
16:20 of 1st period - Stopped by Jake Allen without a rebound.
16:21 of 1st period - Alan Quine wins face-off versus Zach Stepan in Bears zone.
16:22 of 1st period - Wrist shot by Miikka Salomaki.
16:22 of 1st period - Stopped by Jake Allen without a rebound.
16:23 of 1st period - Alan Quine wins face-off versus Zach Stepan in Bears zone.
16:38 of 1st period - Slapshot by Alan Quine.
16:38 of 1st period - Shot Misses the Net.
17:09 of 1st period - Mikko Vainonen is hit by Damon Severson.
17:13 of 1st period - Damon Severson is hit by A.J. Jenks and loses puck.
17:32 of 1st period - Austin Wuthrich is hit by Alan Quine and loses puck.
17:58 of 1st period - Ilya Lyubushkin is hit by Mikko Vainonen and loses puck.
18:05 of 1st period - Max Friberg is hit by Ilya Lyubushkin and loses puck.
18:28 of 1st period - Wrist shot by Max Friberg.
18:28 of 1st period - Shot Misses the Net.
19:09 of 1st period - Mikko Vainonen is hit by Joonas Donskoi and loses puck.
19:24 of 1st period - Wrist shot by Max Friberg.
19:24 of 1st period - Stopped by Calvin Pickard with a rebound.
19:26 of 1st period - Minor Penalty to Joonas Donskoi for Goalie Interference.
19:27 of 1st period - Dylan Gambrell wins face-off versus Miikka Salomaki in Devils zone.
Goals for this period are 2 for Devils vs 0 for Bears.
Shots for this period are 10 for Devils vs 8 for Bears.
2nd period
0:01 of 2nd period - Kerby Rychel wins face-off versus Alan Quine in neutral zone.
0:10 of 2nd period - Snap shot by Alan Quine.
0:10 of 2nd period - Stopped by Jake Allen with a rebound.
0:12 of 2nd period - Wrist shot by Alan Quine.
0:12 of 2nd period - Shot Blocked by Joey Laleggia.
0:14 of 2nd period - Slapshot by Damon Severson.
0:14 of 2nd period - Stopped by Jake Allen without a rebound.
0:15 of 2nd period - Alan Quine wins face-off versus Dylan Gambrell in Bears zone.
0:22 of 2nd period - Darren Dietz is hit by Derek Forbort and loses puck.
0:47 of 2nd period - Wrist shot by Zach Stepan.
0:47 of 2nd period - Deflect By A.J. Jenks.
0:47 of 2nd period - Stopped by Calvin Pickard with a rebound.
0:49 of 2nd period - Snap shot by A.J. Jenks.
0:49 of 2nd period - Stopped by Calvin Pickard with a rebound.
0:51 of 2nd period - Slapshot by Joey Laleggia.
0:51 of 2nd period - Stopped by Calvin Pickard without a rebound.
0:52 of 2nd period - Dylan Gambrell wins face-off versus Alan Quine in Devils zone.
1:24 of 2nd period - Snap shot by A.J. Jenks.
1:24 of 2nd period - Shot Misses the Net.
1:26 of 2nd period - Penalty to Joonas Donskoi is over, Joonas Donskoi is back on ice.
1:36 of 2nd period - Snap shot by Jamie McGinn.
1:36 of 2nd period - Shot Misses the Net.
1:38 of 2nd period - Slapshot by Joey Laleggia.
1:38 of 2nd period - Stopped by Calvin Pickard with a rebound.
1:44 of 2nd period - Snap shot by Jamie McGinn.
1:44 of 2nd period - Stopped by Calvin Pickard with a rebound.
2:37 of 2nd period - Wrist shot by Kerby Rychel.
2:37 of 2nd period - Deflect By Zach Stepan.
2:37 of 2nd period - Stopped by Calvin Pickard with a rebound.
2:39 of 2nd period - Wrist shot by Zach Stepan.
2:39 of 2nd period - Goal by Zach Stepan - Devils : 2 - Bears : 1.
2:40 of 2nd period - Valeri Nichushkin wins face-off versus Angelo Esposito in neutral zone.
2:44 of 2nd period - Off-side.
2:45 of 2nd period - Reid Boucher wins face-off versus Angelo Esposito in neutral zone.
2:56 of 2nd period - Wrist shot by Joonas Donskoi.
2:56 of 2nd period - Shot Misses the Net.
3:12 of 2nd period - Slapshot by Derek Forbort.
3:12 of 2nd period - Stopped by Calvin Pickard without a rebound.
3:13 of 2nd period - Dylan Gambrell wins face-off versus Alan Quine in Devils zone.
4:29 of 2nd period - Snap shot by Darren Dietz.
4:29 of 2nd period - Shot Misses the Net.
4:39 of 2nd period - Wrist shot by Ondrej Kase.
4:39 of 2nd period - Shot Misses the Net.
4:49 of 2nd period - Snap shot by Ondrej Kase.
4:49 of 2nd period - Stopped by Jake Allen with a rebound.
5:43 of 2nd period - Snap shot by Mike Hoffman.
5:43 of 2nd period - Shot Misses the Net.
6:04 of 2nd period - Slapshot by Kerby Rychel.
6:04 of 2nd period - Shot Misses the Net.
6:06 of 2nd period - Snap shot by Zach Stepan.
6:06 of 2nd period - Shot Misses the Net.
6:10 of 2nd period - Wrist shot by Max Friberg.
6:10 of 2nd period - Stopped by Calvin Pickard without a rebound.
6:11 of 2nd period - Dylan Gambrell wins face-off versus Reid Boucher in Devils zone.
6:14 of 2nd period - Backhand shot by Brett Bulmer.
6:14 of 2nd period - Goal by Brett Bulmer - Devils : 2 - Bears : 2.
6:15 of 2nd period - Dylan Gambrell wins face-off versus Alan Quine in neutral zone.
6:20 of 2nd period - Wrist shot by Dylan Gambrell.
6:20 of 2nd period - Deflect By Brett Bulmer.
6:20 of 2nd period - Shot Misses the Net.
6:20 of 2nd period - Puck is out of play.
6:21 of 2nd period - Dylan Gambrell wins face-off versus Alan Quine in Devils zone.
6:33 of 2nd period - Minor Penalty to Ondrej Kase for Hooking.
6:34 of 2nd period - Dylan Gambrell wins face-off versus Alan Quine in Devils zone.
8:33 of 2nd period - Penalty to Ondrej Kase is over, Ondrej Kase is back on ice.
9:03 of 2nd period - Wrist shot by Reid Boucher.
9:03 of 2nd period - Stopped by Jake Allen with a rebound.
9:51 of 2nd period - Snap shot by Mason Marchment.
9:51 of 2nd period - Shot Misses the Net.
9:58 of 2nd period - Icing by Joey Laleggia.
9:59 of 2nd period - Vincent Dunn wins face-off versus Reid Boucher in Bears zone.
10:34 of 2nd period - Snap shot by A.J. Jenks.
10:34 of 2nd period - Stopped by Calvin Pickard without a rebound.
10:35 of 2nd period - Reid Boucher wins face-off versus Angelo Esposito in Devils zone.
10:50 of 2nd period - Damon Severson is hit by Angelo Esposito and loses puck.
10:51 of 2nd period - Damon Severson from Devils is injured at 10:51 of 2nd period (Lacerated Left Calf).
10:52 of 2nd period - Zach Stepan wins face-off versus Alan Quine in Devils zone.
11:14 of 2nd period - Ondrej Kase is hit by Zach Stepan and loses puck.
11:20 of 2nd period - Miikka Salomaki is hit by Joey Laleggia and loses puck.
11:28 of 2nd period - Darren Dietz is hit by Joey Laleggia and loses puck.
11:37 of 2nd period - Snap shot by Miikka Salomaki.
11:37 of 2nd period - Deflect By Alan Quine.
11:37 of 2nd period - Shot Misses the Net.
11:37 of 2nd period - Puck is out of play.
11:38 of 2nd period - Dylan Gambrell wins face-off versus Reid Boucher in Bears zone.
12:10 of 2nd period - Tommy Vannelli is hit by Conor Garland and loses puck.
12:45 of 2nd period - Tommy Vannelli is hit by Wyatt Kalynuk and loses puck.
13:10 of 2nd period - Wrist shot by Max Friberg.
13:10 of 2nd period - Shot Misses the Net.
13:30 of 2nd period - Wrist shot by Conor Garland.
13:30 of 2nd period - Stopped by Jake Allen without a rebound.
13:31 of 2nd period - Dylan Gambrell wins face-off versus Jonny Brodzinski in Bears zone.
14:35 of 2nd period - Wrist shot by Max Friberg.
14:35 of 2nd period - Deflect By Kerby Rychel.
14:35 of 2nd period - Stopped by Calvin Pickard with a rebound.
14:37 of 2nd period - Snap shot by Max Friberg.
14:37 of 2nd period - Shot Blocked by Dalton Thrower.
14:39 of 2nd period - Slapshot by Gianluca Curcuruto.
14:39 of 2nd period - Stopped by Calvin Pickard with a rebound.
15:14 of 2nd period - Minor Penalty to Michael Prapavessis for Hooking.
15:15 of 2nd period - Sam Carrick wins face-off versus Alan Quine in Bears zone.
16:00 of 2nd period - Joey Laleggia is hit by Miikka Salomaki.
17:14 of 2nd period - Penalty to Michael Prapavessis is over, Michael Prapavessis is back on ice.
18:00 of 2nd period - Snap shot by Vincent Dunn.
18:00 of 2nd period - Shot Misses the Net.
18:16 of 2nd period - Brett Bulmer is hit by Robbie Russo and loses puck.
18:34 of 2nd period - Robbie Russo is hit by Angelo Esposito and loses puck.
18:55 of 2nd period - Brett Seney is hit by Joey Laleggia and loses puck.
19:54 of 2nd period - Darren Dietz is hit by Austin Wuthrich and loses puck.
Goals for this period are 0 for Devils vs 2 for Bears.
Shots for this period are 5 for Devils vs 13 for Bears.
3rd period
0:01 of 3rd period - Angelo Esposito wins face-off versus Alan Quine in neutral zone.
0:28 of 3rd period - Slapshot by Valeri Nichushkin.
0:28 of 3rd period - Shot Blocked by A.J. Jenks.
0:54 of 3rd period - Wrist shot by Conor Garland.
0:54 of 3rd period - Shot Blocked by Joey Laleggia.
1:20 of 3rd period - Wrist shot by Austin Wuthrich.
1:20 of 3rd period - Stopped by Calvin Pickard with a rebound.
1:30 of 3rd period - Valeri Nichushkin is hit by Nicolas Aube-Kubel and loses puck.
1:42 of 3rd period - Reid Boucher is hit by Angelo Esposito and loses puck.
2:21 of 3rd period - Slapshot by Joonas Donskoi.
2:21 of 3rd period - Shot Misses the Net.
2:23 of 3rd period - Snap shot by Valeri Nichushkin.
2:23 of 3rd period - Shot Misses the Net.
2:25 of 3rd period - Minor Penalty to Mikko Vainonen for Holding.
2:26 of 3rd period - Sam Carrick wins face-off versus Ondrej Kase in Bears zone.
2:35 of 3rd period - A.J. Jenks is hit by Alan Quine and loses puck.
3:12 of 3rd period - Dalton Thrower is hit by Joey Laleggia and loses puck.
3:27 of 3rd period - Miikka Salomaki is hit by Max Friberg and loses puck.
3:44 of 3rd period - Wrist shot by Conor Garland.
3:44 of 3rd period - Stopped by Jake Allen without a rebound.
3:45 of 3rd period - Reid Boucher wins face-off versus A.J. Jenks in Bears zone.
4:25 of 3rd period - Penalty to Mikko Vainonen is over, Mikko Vainonen is back on ice.
4:37 of 3rd period - Wrist shot by Mason Marchment.
4:37 of 3rd period - Stopped by Jake Allen with a rebound.
4:53 of 3rd period - Slapshot by Tommy Vannelli.
4:53 of 3rd period - Stopped by Calvin Pickard with a rebound.
4:57 of 3rd period - Snap shot by Sam Carrick.
4:57 of 3rd period - Stopped by Calvin Pickard without a rebound.
4:58 of 3rd period - Brett Seney wins face-off versus Mike Hoffman in Devils zone.
5:26 of 3rd period - Ondrej Kase is hit by Austin Wuthrich and loses puck.
5:33 of 3rd period - Wrist shot by Jamie McGinn.
5:33 of 3rd period - Shot Blocked by Jake Bean.
5:35 of 3rd period - Snap shot by Austin Wuthrich.
5:35 of 3rd period - Shot Misses the Net.
5:37 of 3rd period - Snap shot by Austin Wuthrich.
5:37 of 3rd period - Stopped by Calvin Pickard without a rebound.
5:38 of 3rd period - Reid Boucher wins face-off versus Zach Stepan in Devils zone.
5:38 of 3rd period - Reid Boucher is hit by Derek Forbort.
5:52 of 3rd period - Wrist shot by Joonas Donskoi.
5:52 of 3rd period - Shot Blocked by Derek Forbort.
5:54 of 3rd period - Minor Penalty to Max Friberg for Hooking.
5:55 of 3rd period - Alan Quine wins face-off versus Sam Carrick in Bears zone.
7:52 of 3rd period - Zach Stepan is hit by Joonas Donskoi.
7:54 of 3rd period - Penalty to Max Friberg is over, Max Friberg is back on ice.
8:08 of 3rd period - Jonny Brodzinski is hit by Nicolas Aube-Kubel and loses puck.
10:17 of 3rd period - Wrist shot by Jamie McGinn.
10:17 of 3rd period - Stopped by Calvin Pickard with a rebound.
11:03 of 3rd period - Jamie McGinn is hit by Robbie Russo and loses puck.
11:31 of 3rd period - Joey Laleggia is hit by Christian Wolanin and loses puck.
11:38 of 3rd period - Joonas Donskoi is hit by Brett Bulmer and loses puck.
11:56 of 3rd period - Slapshot by Jake Bean.
11:56 of 3rd period - Stopped by Jake Allen with a rebound.
12:08 of 3rd period - Vincent Dunn is hit by Conor Garland and loses puck.
12:15 of 3rd period - Jonny Brodzinski is hit by Austin Wuthrich and loses puck.
12:28 of 3rd period - Jake Bean is hit by Joey Laleggia and loses puck.
12:35 of 3rd period - Miikka Salomaki is hit by Derek Forbort and loses puck.
12:39 of 3rd period - Jake Bean is hit by Mike Hoffman and loses puck.
12:52 of 3rd period - Slapshot by Valeri Nichushkin.
12:52 of 3rd period - Shot Misses the Net.
13:12 of 3rd period - Gianluca Curcuruto is hit by Dalton Thrower.
13:38 of 3rd period - Vincent Dunn is hit by Christian Wolanin and loses puck.
13:55 of 3rd period - Tommy Vannelli is hit by Ilya Lyubushkin and loses puck.
14:17 of 3rd period - Ondrej Kase is hit by Derek Forbort and loses puck.
15:08 of 3rd period - Nicolas Aube-Kubel is hit by Reid Boucher.
15:14 of 3rd period - Dalton Thrower is hit by Nicolas Aube-Kubel and loses puck.
15:46 of 3rd period - Jake Bean is hit by Tommy Vannelli and loses puck.
15:55 of 3rd period - Tommy Vannelli is hit by Conor Garland and loses puck.
16:26 of 3rd period - Nicolas Aube-Kubel is hit by Miikka Salomaki.
16:41 of 3rd period - Icing by Ondrej Kase.
16:42 of 3rd period - Zach Stepan wins face-off versus Alan Quine in Devils zone.
17:14 of 3rd period - Slapshot by Jonny Brodzinski.
17:14 of 3rd period - Shot Misses the Net.
17:16 of 3rd period - Slapshot by Darren Dietz.
17:16 of 3rd period - Deflect By Jamie McGinn.
17:16 of 3rd period - Stopped by Jake Allen without a rebound.
17:17 of 3rd period - Jonny Brodzinski wins face-off versus Vincent Dunn in Bears zone.
17:24 of 3rd period - Backhand shot by Jonny Brodzinski.
17:24 of 3rd period - Shot Misses the Net.
17:31 of 3rd period - Off-side.
17:32 of 3rd period - Alan Quine wins face-off versus Dylan Gambrell in neutral zone.
18:06 of 3rd period - Off-side.
18:07 of 3rd period - Jonny Brodzinski wins face-off versus Vincent Dunn in neutral zone.
18:41 of 3rd period - Slapshot by Ilya Lyubushkin.
18:41 of 3rd period - Stopped by Jake Allen with a rebound.
18:55 of 3rd period - Reid Boucher is hit by Gianluca Curcuruto and loses puck.
19:32 of 3rd period - Snap shot by Joonas Donskoi.
19:32 of 3rd period - Stopped by Jake Allen without a rebound.
19:33 of 3rd period - Reid Boucher wins face-off versus A.J. Jenks in Bears zone.
19:40 of 3rd period - Wrist shot by Reid Boucher.
19:40 of 3rd period - Stopped by Jake Allen with a rebound.
19:42 of 3rd period - Slapshot by Jake Bean.
19:42 of 3rd period - Shot Misses the Net.
19:56 of 3rd period - Dylan Gambrell is hit by Conor Garland and loses puck.
Goals for this period are 0 for Devils vs 0 for Bears.
Shots for this period are 7 for Devils vs 5 for Bears.
Overtime #1
0:01 of 1st overtime period - Dylan Gambrell wins face-off versus Miikka Salomaki in neutral zone.
0:04 of 1st overtime period - Alan Quine is hit by Joey Laleggia and loses puck.
0:46 of 1st overtime period - Wrist shot by Reid Boucher.
0:46 of 1st overtime period - Stopped by Jake Allen with a rebound.
0:48 of 1st overtime period - Slapshot by Dalton Thrower.
0:48 of 1st overtime period - Shot Blocked by Mikko Vainonen.
0:50 of 1st overtime period - Wrist shot by Valeri Nichushkin.
0:50 of 1st overtime period - Shot Misses the Net.
0:52 of 1st overtime period - Slapshot by Reid Boucher.
0:52 of 1st overtime period - Shot Misses the Net.
1:03 of 1st overtime period - Off-side.
1:04 of 1st overtime period - Dylan Gambrell wins face-off versus Conor Garland in neutral zone.
2:27 of 1st overtime period - Slapshot by Dalton Thrower.
2:27 of 1st overtime period - Stopped by Jake Allen without a rebound.
2:28 of 1st overtime period - Reid Boucher wins face-off versus Angelo Esposito in Bears zone.
2:31 of 1st overtime period - Snap shot by Brett Seney.
2:31 of 1st overtime period - Goal by Brett Seney - Devils : 3 - Bears : 2.
Goals for this period are 1 for Devils vs 0 for Bears.
Shots for this period are 3 for Devils vs 0 for Bears.